 Dungeon Crawl Stone Soup version 0.24.0-35-gdb84b6a5db (webtiles) character file.

Game seed: 5593707415266897408, levelgen mode: deterministic

947 Delamore the Cleaver (level 8, 0/64 HPs)
             Began as a Hill Orc Fighter on Nov 17, 2019.
             Was an Initiate of Okawaru.
             Slain by a sky beast (6 damage)
             ... on level 4 of the Dungeon.
             The game lasted 00:05:04 (4523 turns).

Delamore the Cleaver (Hill Orc Fighter)             Turns: 4523, Time: 00:05:04

Health: 0/64       AC:  6    Str: 21    XL:     8   Next: 13%
Magic:  8/8        EV:  7    Int:  8    God:    Okawaru [......]
Gold:   267        SH:  9    Dex: 10    Spells: 7/7 levels left

rFire    . . .     SeeInvis .   p - +0 war axe (venom)
rCold    . . .     Gourm    .   c - +0 shield
rNeg     . . .     Faith    .   b - +0 scale mail
rPois    .         Spirit   .   (no helmet)
rElec    .         Reflect  .   (no cloak)
rCorr    .         Harm     .   (no gloves)
MR       .....                  (no boots)
Stlth    ..........             (no amulet)
HPRegen  0.20/turn              (no ring)
MPRegen  0.11/turn              (no ring)

@: no status effects
A: no striking features
a: Renounce Religion


You were on level 4 of the Dungeon.
You worshipped Okawaru.
Okawaru was noncommittal.
You were not hungry.

You visited 1 branch of the dungeon, and saw 5 of its levels.

You collected 267 gold pieces.

Inventory:

Hand Weapons
 a - a +0 war axe
 p - a +0 war axe of venom (weapon)
Missiles
 q - a throwing net (quivered)
Armour
 b - a +0 scale mail (worn)
 c - a +0 shield (worn)
Scrolls
 e - 2 scrolls of enchant weapon {unknown}
 g - 2 scrolls of teleportation {unknown}
 h - a scroll of fog {unknown}
 i - 7 scrolls of identify {unknown}
 j - a scroll of noise {unknown}
 o - a scroll of random uselessness {unknown}
 s - a scroll of magic mapping {unknown}
 t - a scroll of amnesia {unknown}
Potions
 d - a potion of might
 k - a potion of haste {unknown}
 l - a potion of cancellation {unknown}
 m - 3 potions of flight {unknown}
 n - a potion of berserk rage {unknown}
 r - a potion of resistance {unknown}
Comestibles
 f - 12 rations


   Skills:
 - Level 3.6 Fighting
 + Level 11.8 Axes
 - Level 3.2 Armour
 - Level 3.2 Shields


You had 7 spell levels left.
You didn't know any spells.
Your spell library contained the following spells:

 Spells                   Type           Power        Failure   Level  Hunger
 Confusing Touch          Hex            #.....       99%         1    ##.....
 Confuse                  Hex            #.......     100%        3    ####...
 Gell's Gravitas          Tloc           #.........   100%        3    ####...
 Petrify                  Tmut/Erth      #.......     100%        4    #####..
 Metabolic Englaciation   Hex/Ice        #.........   100%        5    ######.
 Yara's Violent Unravell  Hex/Tmut       #.........   100%        5    ######.


Dungeon Overview and Level Annotations

Branches:
Dungeon (5/15)
 Temple: D:4-7

Altars:
Dithmenos
Elyvilon
Hepliaklqana
Makhleb
Okawaru
Ru
Zin
The Shining One


Message History

Unknown command.
You kill the worker ant!
Okawaru accepts your kill.
The sky beast hits you but does no damage.
There is a stone staircase leading up here.
The sky beast flickers out of sight!
Deactivating autopickup; reactivate with Ctrl-A.
Something hits you.
* * * LOW HITPOINT WARNING * * *
Something shocks you.
* * * LOW HITPOINT WARNING * * *
You climb upwards.
Reactivating autopickup.
There is a stone staircase leading down here.
You start resting.
Something hits you but does no damage.
Deactivating autopickup; reactivate with Ctrl-A.
Something hits you.
* * * LOW HITPOINT WARNING * * *
Something shocks you.
You die...

#.....######.#..........#
#........................
#...#######...........###
#...# ##.............##
#...#####...........#...#
####...##....#........##.#.#
#.......#...##..............
#.......#...##........##.##.
#.......#..@..........##.#..
#####.###.>.##........##.#..
#..##...##.........#.#..
##..#...####...#...#.#..
##.##### #..#.##..#.#.. #.##
#......###.##.
#..######......# #.###
##...#.........# #.##.
###...###.....# #....


There were no monsters in sight!

Vanquished Creatures
  A phantom (D:4)
  A sky beast (D:5)
  2 centaurs (D:5)
  2 scorpions
  A howler monkey (D:4)
  2 crimson imps
  A hound (D:4)
  A jelly (D:5)
  A centaur skeleton (D:4)
  A bullfrog skeleton (D:5)
  An iguana (D:5)
  A worker ant (D:5)
  A worker ant zombie (D:5)
  5 gnolls
  6 adders
  An ooze (D:3)
  3 worms
  5 leopard geckos
  12 orcs
  2 ball pythons
  2 giant cockroaches
  8 goblins
  10 hobgoblins
  10 jackals
  A quokka (D:3)
  9 bats
  8 frilled lizards
  11 kobolds
  A leopard gecko skeleton (D:4)
  6 rats
116 creatures vanquished.

Notes
Turn   | Place    | Note
-------+----------+-------------------------------------------
     0 | D:1      | Delamore the Hill Orc Fighter began the quest for the Orb.
     0 | D:1      | Reached XP level 1. HP: 19/19 MP: 1/1
    15 | D:1      | Reached skill level 3 in Axes
   145 | D:1      | Reached XP level 2. HP: 26/26 MP: 2/2
   354 | D:1      | Reached skill level 4 in Axes
   398 | D:1      | Reached XP level 3. HP: 31/31 MP: 3/3
   754 | D:2      | Reached skill level 5 in Axes
  1026 | D:2      | Reached XP level 4. HP: 39/39 MP: 4/4
  1578 | D:3      | Reached skill level 6 in Axes
  1912 | D:3      | Reached XP level 5. HP: 36/45 MP: 5/5
  2184 | D:3      | Reached skill level 7 in Axes
  2378 | D:4      | Found a hazy altar of Hepliaklqana.
  2391 | D:4      | Noticed a phantom
  2408 | D:4      | Killed a phantom
  2408 | D:4      | Reached skill level 8 in Axes
  2408 | D:4      | Reached XP level 6. HP: 23/51 MP: 6/6
  2515 | D:4      | Found a glowing silver altar of Zin.
  2567 | D:4      | Reached skill level 9 in Axes
  3287 | D:4      | Reached XP level 7. HP: 17/57 MP: 7/7
  3590 | D:4      | Found a glowing golden altar of the Shining One.
  3804 | D:4      | Found a white marble altar of Elyvilon.
  3883 | D:4      | Found a shadowy altar of Dithmenos.
  3951 | D:5      | Entered Level 5 of the Dungeon
  3958 | D:5      | Reached skill level 10 in Axes
  3961 | D:5      | Found an iron altar of Okawaru.
  4272 | D:5      | Became a worshipper of Warmaster Okawaru
  4399 | D:5      | Reached skill level 11 in Axes
  4432 | D:5      | Found a sacrificial altar of Ru.
  4466 | D:5      | Found a burning altar of Makhleb.
  4485 | D:5      | Reached XP level 8. HP: 58/64 MP: 8/8
  4523 | D:4      | Slain by a sky beast

Levels and vault maps discovered:
D:1:      dpeg_arrival_refuge, layout_basic, chequers_serial_rivers_small_b,
          minmay_misc_feat_cross
D:2:      layout_loops_ring
D:3:      layout_basic
D:4:      layout_rooms, kennysheep_mini_moat, overflow_temple_1_default,
          tso_metal_star, nicolae_overflow_crystal_walls,
          nicolae_dithmenos_through_a_glass_darkly, first_ration,
          minmay_misc_feat_rugged, grunt_ministairs_13
D:5:      layout_gridville, okawaru_trees_1, bloody_makhleb,
          hangedman_feature_mirror

Skill      XL: |  1  2  3  4  5  6  7 |
---------------+----------------------+-----
Axes           | 3 4 5 6 8 9 11 | 11.8
Fighting       | |  3.6
Armour         | |  3.2
Shields        | |  3.2

Action                   |  1- 3 |  4- 6 |  7- 9 || total
-------------------------+-------+-------+-------++-------
Melee: War axe           |    90 |   206 |    87 ||   383
  Use: Potion            |       |       |     1 ||     1
  Eat: Chunk             |       |     8 |     1 ||     9
       Ration            |       |       |     1 ||     1
Armor: Scale mail        |    32 |    67 |    31 ||   130
Dodge: Dodged            |    29 |    65 |    26 ||   120
Block: Shield            |    46 |   116 |    29 ||   191
